 Dungeon Crawl Stone Soup version 0.30-a0-457-g4b7bca3bfa (webtiles) character file.

Game seed: 7708417847516603498

2872 zishaf the Zephyrmancer (level 9, -2/55 HPs)
             Began as a Tengu Air Elementalist on Dec 12, 2022.
             Was a Priest of Vehumet.
             Slain by a wyvern (16 damage)
             ... on level 8 of the Dungeon.
             The game lasted 00:12:27 (8067 turns).

zishaf the Zephyrmancer (Tengu Air Elementalist)    Turns: 8067, Time: 00:12:28

Health: -2/55      AC:  5    Str:  9    XL:     9   Next: 76%
Magic:  6/16       EV: 13    Int: 20    God:    Vehumet [***...]
Gold:   505        SH:  5    Dex: 14    Spells: 8/16 levels left

rFire   . . .      SeeInvis +    q - +2 short sword (elec)
rCold   + . .      Faith    .    r - +0 buckler
rNeg    . . .      Spirit   .    d - +0 troll leather armour {Pargi}
rPois   .          Reflect  .    (helmet restricted)
rElec   .          Harm     .    x - +0 cloak
rCorr   .          Rampage  .    (no gloves)
Will    .....                    (boots unavailable)
Stlth   ++........               t - amulet of the acrobat
HPRegen 1.09/turn                y - ring of protection from cold
MPRegen 0.15/turn                A - ring of see invisible

@: flying quickly and evasively, quick
A: beak, talons 3, nimble flight
a: Renounce Religion


You were on level 8 of the Dungeon.
You worshipped Vehumet.
Vehumet was most pleased with you.
You visited 2 branches of the dungeon, and saw 9 of its levels.
You also visited: Sewer.

You collected 505 gold pieces.

Inventory:

Hand Weapons
 c - a +0 short sword
 g - a +1 dagger of flaming
 q - a +2 short sword of electrocution (weapon)
 z - a +2 dagger of holy wrath
Armour
 a - a +0 robe
 d - a +0 troll leather armour (worn) {Pargi}
 k - +0 pearl dragon scales
 r - a +0 buckler (worn)
 x - a +0 cloak (worn)
Jewellery
 t - an amulet of the acrobat (around neck)
 y - a ring of protection from cold (left hand)
 A - a ring of see invisible (right hand)
Wands
 u - a wand of iceblast (9)
Scrolls
 f - 5 scrolls of teleportation
 n - 2 scrolls of fear
 o - 2 scrolls of poison
Potions
 b - 2 potions of magic
 e - a potion of berserk rage
 h - 2 potions of heal wounds
 i - a potion of lignification
 j - 4 potions of curing
 l - a potion of might
 m - a potion of attraction
 p - a potion of cancellation
 s - a potion of brilliance {unknown}
 v - a potion of mutation {unknown}
 w - a potion of ambrosia {unknown}


   Skills:
 + Level 6.0 Fighting
 - Level 2.1 Dodging
 - Level 2.0 Stealth
 - Level 5.0 Shields
 - Level 4.0 Spellcasting
 + Level 8.2 Conjurations
 - Level 4.0 Fire Magic
 + Level 9.1 Air Magic


You had 8 spell levels left.
You knew the following spells:

 Your Spells              Type           Power      Damage    Failure   Level
a - Shock                 Conj/Air       100%       1d9       1%          1
b - Airstrike             Air            20%        2d(3-19)  1%          4
A - Static Discharge      Conj/Air       76%        2-6/arc   1%          2
B - Foxfire               Conj/Fire      100%       2x1d9     1%          1

Your spell library contained the following spells:

 Spells                   Type           Power      Damage    Failure   Level
 Ignite Poison            Fire/Tmut/Pois 9%         N/A       11%         3
 Swiftness                Air            40%        N/A       1%          3
 Ensorcelled Hibernation  Hex/Ice        8%         N/A       34%         2
 Passwall                 Tmut/Erth      3%         N/A       34%         2


Dungeon Overview and Level Annotations

Branches:
Dungeon (8/15)             Temple (1/1) D:4           Sewer (visited)
   Lair: D:8-11

Altars:
Cheibriados
Dithmenos
Elyvilon
Fedhas
Gozag
Hepliaklqana
Kikubaaqudgha
Makhleb
Nemelex Xobeh
Okawaru
Ru
Sif Muna
Trog
Vehumet
Wu Jian
Xom
Yredelemnul
Zin
The Shining One

Annotations:
D:5 3 runed translucent doors, tangygnat's ghost, amateur TrFi


Innate Abilities, Weirdness & Mutations

You have a beak for a mouth.
You have claws for feet.
Your magical nature lets you fly swiftly and evasively.


Message History

You block the wyvern's attack. The wyvern attacks as you move away!
The wyvern misses you.
Casting: Static Discharge (safe; 1% risk of failure)
Confirm with . or Enter, or press ? or * to list all spells.
Aiming: Shock (safe; 1% risk of failure)
Press: ? - help, Shift-Dir - straight line
Okay, then.
The wyvern attacks as you move away! The wyvern completely misses you.
Found a potion of might.
Casting: Shock (safe; 1% risk of failure)
Confirm with . or Enter, or press ? or * to list all spells.
Aiming: Shock (safe; 1% risk of failure)
Press: ? - help, Shift-Dir - straight line, f - wyvern
Aim: a wyvern (heavily wounded, 74% to hit)
The zap hits the wyvern but does no damage.
The wyvern is heavily wounded.
The zap hits the gnoll.
The gnoll is heavily wounded.
The zap hits the gnoll!
The gnoll is severely wounded.
The wyvern bites you! You block the gnoll's attack. The wyvern bites you!
* * * LOW HITPOINT WARNING * * *
Casting: Shock (safe; 1% risk of failure)
Confirm with . or Enter, or press ? or * to list all spells.
Aiming: Shock (safe; 1% risk of failure)
Press: ? - help, Shift-Dir - straight line, f/p - wyvern
Aim: a wyvern (heavily wounded, 74% to hit)
Okay, then.
Casting: Shock (safe; 1% risk of failure)
Confirm with . or Enter, or press ? or * to list all spells.
The wyvern is struck by an arc of lightning.
The wyvern is severely wounded.
The gnoll is struck by an arc of lightning!
You kill the gnoll!
Vehumet accepts your kill.
You feel your power returning.
The gnoll is struck by an arc of lightning.
The gnoll is almost dead.
The wyvern bites you!
You die...

,*#**#########.* *.####***** *,,,
,*#.,,...#...,.###...!..,,,***,,,
.##.####.#.####.....#...,,,,**,,,
........<...............,,,,,>,,,
.##+#.#..#.#.#......#.,,,,,,,^,,,
.........#.#.#.#'####***+*..,,,,,
.........#.....#....####....,,*,,
........####.######.........,8,,,
.............# #@l)g)g....8.,,,,8
############## #.###).......,,,,,
,,,,,* #.# #........,,,,, *,,,,*
#.# #....8.g.,∩,,, ,,,,,*
*****#.#*#........,,,,, ,,,,,*
*,,,,..!,....(....,,,,, ,,,,,*
*,,,,..#*##..#..8.,,,,8 ,,,,,*
*,,,,..#***..#...,,8,,,
,,,********,,,,,,,,,,,,*,,,,,,*,*


You could see a wyvern and 2 gnolls.

Vanquished Creatures
  2 steam dragons
  A water moccasin (D:7)
  A black bear (D:6)
  Pargi (Sewer)
  3 ice beasts
  An ogre (D:5)
  A centaur (D:6)
  2 phantoms
  3 bullfrogs
  2 scorpions
  A necrophage (D:5)
  7 wights (D:7)
  A howler monkey (D:5)
  2 jellies
  A bullfrog zombie (D:5)
  A gnoll bouda (D:7)
  2 hounds
  4 orc priests
  A scorpion zombie (D:5)
  5 iguanas
  6 orc wizards
  11 adders
  11 gnolls
  2 river rats (D:4)
  A white imp (D:6)
  3 worms
  A dart slug (D:1)
  28 orcs
  2 ball pythons
  10 bats
  7 endoplasms
  5 giant cockroaches
  7 goblins
  4 hobgoblins
  12 jackals
  5 quokkas
  3 frilled lizards (D:1)
  9 kobolds
  4 rats
173 creatures vanquished.

Vanquished Creatures (others)
  A bush (D:4)
  33 foxfires
  50 plants (D:4)
84 creatures vanquished.

Grand Total: 257 creatures vanquished

Notes
Turn   | Place    | Note
-------+----------+-------------------------------------------
     0 | D:1      | zishaf the Tengu Air Elementalist began the quest for the
                  | Orb.
     0 | D:1      | Reached XP level 1. HP: 10/10 MP: 4/4
   193 | D:1      | Found a faded altar of an unknown god.
   205 | D:1      | Reached XP level 2. HP: 16/16 MP: 4/6
   220 | D:1      | Learned a level 2 spell: Static Discharge
   339 | D:1      | Reached skill level 1 in Fighting
   605 | D:1      | Reached XP level 3. HP: 20/20 MP: 4/7
  1260 | D:2      | You fall into a shaft and drop 2 floors!
  1296 | D:4      | Found a staircase to the Ecumenical Temple.
  1304 | Temple   | Entered the Ecumenical Temple
  1339 | Temple   | Became a worshipper of Vehumet
  1429 | D:4      | Reached XP level 4. HP: 25/26 MP: 4/8
  1452 | D:4      | Reached skill level 5 in Air Magic
  1455 | D:4      | Found a glowing drain.
  1461 | Sewer    | Entered a sewer
  1522 | Sewer    | Noticed Pargi
  1538 | Sewer    | Killed Pargi
  1539 | Sewer    | Gained mutation: Your magical nature lets you fly swiftly
                  | and evasively. [Tengu growth]
  1539 | Sewer    | Reached XP level 5. HP: 31/31 MP: 2/9
  1739 | D:3      | Learned a level 4 spell: Airstrike
  2856 | D:3      | Reached XP level 6. HP: 37/37 MP: 3/10
  2964 | D:3      | Found an ornate altar of the Wu Jian Council.
  3009 | D:3      | Reached * piety under Vehumet
  3009 | D:3      | Offered knowledge of Foxfire by Vehumet.
  3012 | D:3      | Learned a level 1 spell: Foxfire
  3237 | D:3      | Reached skill level 6 in Air Magic
  3814 | D:4      | Reached skill level 1 in Shields
  3835 | D:4      | Reached skill level 1 in Fire Magic
  4190 | D:4      | Identified the +1 robe of Docsion {Harm Str+6}
  4324 | D:4      | Found a blossoming altar of Fedhas.
  4520 | D:5      | Entered Level 5 of the Dungeon
  4577 | D:5      | Reached XP level 7. HP: 41/41 MP: 3/11
  4638 | D:5      | Found an iron altar of Okawaru.
  4700 | D:5      | Reached skill level 5 in Conjurations
  4796 | D:5      | Found a runed translucent gate.
  4796 | D:5      | Found a runed translucent gate.
  4796 | D:5      | Found a runed translucent gate.
  4796 | D:5      | Noticed tangygnat's ghost (amateur TrFi)
  4798 | D:5      | Found a basalt altar of Yredelemnul.
  5052 | D:5      | Reached XP level 8. HP: 39/48 MP: 0/13
  5057 | D:5      | Reached ** piety under Vehumet
  5057 | D:5      | Offered knowledge of Freeze by Vehumet.
  5212 | D:5      | Reached skill level 7 in Air Magic
  5810 | D:6      | Found a bloodstained altar of Trog.
  6104 | D:6      | Reached XP level 9. HP: 53/53 MP: 12/16
  6182 | D:6      | Reached skill level 5 in Fighting
  6182 | D:6      | Reached skill level 8 in Air Magic
  6619 | D:6      | Found a sacrificial altar of Ru.
  7072 | D:7      | Offered knowledge of Poisonous Vapours by Vehumet.
  7173 | D:7      | Found a shadowy altar of Dithmenos.
  7315 | D:7      | Reached *** piety under Vehumet
  7894 | D:7      | Reached skill level 9 in Air Magic
  8056 | D:8      | Reached skill level 5 in Shields
  8061 | D:8      | Offered knowledge of Ignite Poison by Vehumet.
  8067 | D:8      | Slain by a wyvern

Illustrated notes

Levels and vault maps discovered:
D:1:      scummos_arrival_simple_fountains, layout_basic,
          hellmonk_ecumenical_altar_inner_sanctum
D:2:      kennysheep_six_static_rooms, layout_basic, minmay_pentomino_q4
D:3:      layout_basic, nzn_wu_jian_contemplation
D:4:      layout_rooms, fedhas_altar_decomposition,
          minmay_temple_entry_glassed_door, gup_sewer_entry_spiral,
          grunt_decor_resistance, minmay_misc_feat_more_columns,
          columned_hall_lemuel, serial_bayou_lagoon_a, minivault_4,
          corexii_checkpoint_a, serial_bayou_ford_a
D:5:      layout_basic, okawaru_ov_weapons_minmay,
          nicolae_yredelemnul_ghost_church
D:6:      layout_basic, nicolae_ru_the_path_less_chosen, general_overflow_altar,
          chequers_serial_rivers_micro_c
D:7:      layout_loops_corners, grunt_dithmenos_smoke_and_mirrors,
          minmay_misc_feat_pillars
D:8:      layout_basic, enter_bailey_6, serial_park_tiny_1, uniq_maggie,
          uniq_maurice
Temple:   nicolae_temple_godzebo

Skill      XL: |  1  2  3  4  5  6  7  8  9 |
---------------+----------------------------+-----
Conjurations   | 2 3 4 5 6 8 |  8.2
Fighting       | 1 2 3 4 6 |  6.0
Air Magic      | 5 6 7 9 |  9.1
Shields        | 1 2 3 5 |  5.0
Fire Magic     | 1 2 4 |  4.0
Spellcasting   | 3 4 |  4.0
Dodging        | |  2.1
Stealth        | |  2.0

Action                   |  1- 3 |  4- 6 |  7- 9 || total
-------------------------+-------+-------+-------++-------
Melee: Dagger            |    20 |    61 |     6 ||    87
       Short sword       |     2 |       |    34 ||    36
       Kick              |     5 |    13 |    17 ||    35
       Peck              |     2 |     9 |     7 ||    18
 Cast: Shock             |    58 |   103 |   153 ||   314
       Static Discharge  |       |    10 |    42 ||    52
       Foxfire           |       |       |    18 ||    18
       Airstrike         |       |       |     2 ||     2
Evoke: Wand              |       |       |     2 ||     2
  Use: Scroll            |     3 |     9 |     4 ||    16
       Potion            |       |     2 |     1 ||     3
 Stab: Sleeping          |       |     3 |       ||     3
Armor: Robe              |     8 |     3 |       ||    11
       Skin              |       |    26 |       ||    26
       Troll leather arm |       |    11 |    14 ||    25
Dodge: Dodged            |    24 |    35 |    75 ||   134
Block: Buckler           |       |     6 |    25 ||    31

Table legend: (Time is in decaauts)
 A = Elapsed time spent in this place.
 B = Non-inter-level travel time spent in this place.
 C = Inter-level travel time spent in this place.
 D = Time resting spent in this place.
 E = Time spent auto-exploring this place.
 F = Levels seen in this place.
 G = Mean time per level.
                   A        B        C        D        E       F      G
               +--------+--------+--------+--------+--------+-----+--------+
         Total |   7710 |   7366 |    344 |    140 |   5988 |  10 |  771.0 |
       Dungeon |   7464 |   7120 |    344 |     99 |   5911 |   8 |  933.0 |
        Temple |     56 |     56 |      0 |      0 |      0 |   1 |   56.0 |
         Sewer |    189 |    189 |      0 |     41 |     77 |   1 |  189.0 |
               +--------+--------+--------+--------+--------+-----+--------+

Top non-repeatable levels by time:
     D:4: 1266 daAuts
     D:7: 1244 daAuts
     D:1: 1139 daAuts
     D:5: 1049 daAuts
     D:6: 966 daAuts
     D:2: 894 daAuts
     D:3: 865 daAuts
   Sewer: 189 daAuts
  Temple: 56 daAuts
     D:8: 39 daAuts
